 Dungeon Crawl Stone Soup version 0.29-a0-648-g6b26cc9f40 (webtiles) character file.

Game seed: 17723939631428232624

51 HoaS the Shooter (level 3, -2/21 HPs)
             Began as a Tengu Hunter on June 20, 2022.
             Slain by a gnoll
             ... wielding a +0 spear
              (4 damage)
             ... on level 2 of the Dungeon.
             The game lasted 00:03:27 (1081 turns).

HoaS the Shooter (Tengu Hunter)                     Turns: 1081, Time: 00:03:28

Health: -2/21      AC:  5    Str: 11    XL:     3   Next: 81%
Magic:  4/4        EV: 12    Int:  9    God:
Gold:   104        SH:  0    Dex: 19    Spells: 2/2 levels left

rFire   . . .      SeeInvis .   a - +1 shortbow
rCold   . . .      Faith    .   (shield currently unavailable)
rNeg    . . .      Spirit   .   b - +0 leather armour
rPois   .          Reflect  .   (helmet restricted)
rElec   .          Harm     .   h - +1 cloak
rCorr   .          Rampage  .   (no gloves)
Will    .....                   (boots unavailable)
Stlth   ++........              (no amulet)
HPRegen 0.07/turn               (no ring)
MPRegen 0.09/turn               (no ring)

@: no status effects
A: beak, talons 3
a: no special abilities


You were on level 2 of the Dungeon.
You visited 1 branch of the dungeon, and saw 2 of its levels.

You collected 104 gold pieces.

Inventory:

Hand Weapons
 a - a +1 shortbow (weapon)
Armour
 b - a +0 leather armour (worn)
 h - a +1 cloak (worn)
Jewellery
 f - the ring of Ashos {Wiz Will+ Str+2 Int+3}
   (You found it on level 2 of the Dungeon)

   [ring of wizardry]

   It improves your spell success rate.
   Str:       It affects your strength (+2).
   Int:       It affects your intelligence (+3).
   Will:      It increases your willpower.
Scrolls
 c - a scroll of immolation
 i - a scroll of enchant weapon {unknown}
Potions
 d - a potion of curing {unknown}
 e - a potion of degeneration {unknown}
 g - a potion of brilliance {unknown}


   Skills:
 - Level 2.0 Fighting
 + Level 5.9 Bows
 - Level 2.1 Dodging
 - Level 1.0 Stealth


You had 2 spell levels left.
You didn't know any spells.
Your spell library contained the following spells:

 Spells                   Type           Power      Damage    Failure   Level
 Ensorcelled Hibernation  Hex/Ice        0%         N/A       63%         2
 Spider Form              Tmut/Pois      0%         N/A       85%         3
 Anguish                  Hex/Necr       0%         N/A       99%         4


Dungeon Overview and Level Annotations

Branches:
Dungeon (2/15)

Altars:


Innate Abilities, Weirdness & Mutations

You have a beak for a mouth.
You have claws for feet.


Message History

You shoot an arrow. The arrow completely misses the gnoll.
The gnoll closely misses you.
Unknown command.
Unknown command.
Unknown command.
Unknown command.
Unknown command.
Shoot: a) +1 shortbow
Press: ? - help, Q - select action Shift-Dir - straight line, f/p - gnoll
Aim: a gnoll, wielding a +0 whip (moderately wounded, 69% to hit)
You shoot an arrow. The arrow hits the gnoll.
The gnoll is severely wounded.
The gnoll barely misses you.
Shoot: a) +1 shortbow
Press: ? - help, Q - select action Shift-Dir - straight line, f/p - gnoll
Aim: a gnoll, wielding a +0 whip (severely wounded, 69% to hit)
You shoot an arrow. The arrow hits the gnoll!
You kill the gnoll!
The frilled lizard bites you but does no damage.
The frilled lizard attacks as you move away!
The frilled lizard closely misses you.
Shoot: a) +1 shortbow
Press: ? - help, Q - select action Shift-Dir - straight line, f - frilled lizard
Aim: a frilled lizard (50% to hit)
You shoot an arrow.
The arrow hits the frilled lizard but does no damage.
The frilled lizard misses you.
Shoot: a) +1 shortbow
Press: ? - help, Q - select action Shift-Dir - straight line, f/p - frilled lizard
Aim: a frilled lizard (50% to hit)
You shoot an arrow. The arrow hits the frilled lizard.
The frilled lizard is heavily wounded.
The frilled lizard closely misses you.
Shoot: a) +1 shortbow
Press: ? - help, Q - select action Shift-Dir - straight line, f/p - frilled lizard
Aim: a frilled lizard (heavily wounded, 50% to hit)
You shoot an arrow.
The arrow closely misses the frilled lizard.
The gnoll hits you from afar with a +0 spear.
You die...

#### # ..# ##.####.# .
...#.###########
#.##.#........@l.#
#.#.....##.#####g#####
#.......##.#.........##
###....###.#..........#
##.#.###.#..##.###..#
#.#.....#.. #..# .#
#.#######. ##)# # ##'##
# #)# ##...## ...


You could see a gnoll and a frilled lizard.

Vanquished Creatures
  2 gnolls (D:2)
  An adder (D:2)
  A worm (D:2)
  A dart slug (D:1)
  2 ball pythons
  3 bats
  A giant cockroach (D:1)
  2 hobgoblins
  4 kobolds
  A rat (D:1)
18 creatures vanquished.

Notes
Turn   | Place    | Note
-------+----------+-------------------------------------------
     0 | D:1      | HoaS the Tengu Hunter began the quest for the Orb.
     0 | D:1      | Reached XP level 1. HP: 12/12 MP: 2/2
   218 | D:1      | Reached XP level 2. HP: 17/17 MP: 3/3
   325 | D:1      | Reached skill level 5 in Bows
   666 | D:2      | Found a faded altar of an unknown god.
   895 | D:2      | Reached XP level 3. HP: 21/21 MP: 4/4
  1020 | D:2      | Identified the ring of Ashos {Wiz Will+ Str+2 Int+3}
  1069 | D:2      | HP: 1/21 [gnoll/+0 whip (4)]
  1081 | D:2      | Slain by a gnoll

Illustrated notes

Levels and vault maps discovered:
D:1:      beargit_arrival_diablo_church, layout_rooms, minmay_misc_feat_tiny
D:2:      layout_loops_corners, hellmonk_ecumenical_altar_zigzags

Skill      XL: |  1  2 |
---------------+-------+-----
Bows           | 5 |  5.9
Fighting       | |  2.0
Dodging        | |  2.1
Stealth        | |  1.0

Action                   || total
-------------------------++-------
 Fire: Shortbow          ||    51
  Use: Scroll            ||     6
Armor: Leather armour    ||     2
Dodge: Dodged            ||    14

Table legend: (Time is in decaauts)
 A = Elapsed time spent in this place.
 B = Non-inter-level travel time spent in this place.
 C = Inter-level travel time spent in this place.
 D = Time resting spent in this place.
 E = Time spent auto-exploring this place.
 F = Levels seen in this place.
 G = Mean time per level.
                   A        B        C        D        E       F      G
               +--------+--------+--------+--------+--------+-----+--------+
         Total |   1094 |   1060 |     34 |    190 |    726 |   2 |  547.0 |
       Dungeon |   1094 |   1060 |     34 |    190 |    726 |   2 |  547.0 |
               +--------+--------+--------+--------+--------+-----+--------+

Top non-repeatable levels by time:
     D:2: 571 daAuts
     D:1: 523 daAuts
